Match 42301453
Unlisted

Match 42301453
End
Construct Section Command Post
Vickers Machine Gun Team
Dingo Light Scout Car
Infantry Section
Infantry Section
Construct Platoon Command Post
Humber Armored Car
CMP 15cwt Truck
Infantry Section
6-pounder Anti-tank Gun Team
Selects Indian Artillery Battlegroup
Selects Artillery Saturation
Selects Off-map Airburst Barrage
Selects BL5.5 Artillery Emplacement
CMP 15cwt Truck
Off-map Airburst Barrage
Selects Valour
Selects Gurkha Rifles Section
Construct Company Command Post
Off-map Airburst Barrage
Off-map Airburst Barrage
Unlock M3 Grant Medium Tanks
M3 Grant Medium Tank
Off-map Airburst Barrage
Selects Pillage
M3 Grant Medium Tank
M3 Grant Medium Tank
Armored Vehicle Training
Foot Guards Section
Off-map Airburst Barrage
M3 Grant Medium Tank
Off-map Airburst Barrage
CMP 15cwt Truck
CMP 15cwt Truck
M3 Grant Medium Tank
紫苏子
TidaL
Tigerblut[GER]
ChesTerMUST
雪風様のおかけなのだ
1789Lan1949
果子一块钱
Lt Ghost
0
0

Comments sign in to comment!

No comments posted yet!